 Dungeon Crawl Stone Soup version 0.20.0-8-g6b59dc7 (webtiles) character file.

161 ChaseSP the Chopper (level 5, 36/46 HPs)
             Began as a Deep Dwarf Fighter on May 30, 2017.
             Quit the game on level 3 of the Dungeon.
             The game lasted 00:05:38 (1758 turns).

ChaseSP the Chopper (Deep Dwarf Fighter)            Turns: 1758, Time: 00:05:38

Health: 36/46      AC:  8    Str: 20    XL:     5   Next: 18%
Magic:  4/4        EV:  7    Int: 10    God:
Gold:   87         SH:  9    Dex: 13    Spells: 4/4 levels left

rFire    . . .     SeeInvis .   a - +0 war axe
rCold    . . .     Gourm    .   c - +0 shield
rNeg     . . .     Faith    .   b - +0 scale mail
rPois    .         Spirit   .   (helmet restricted)
rElec    .         Reflect  .   d - +0 cloak
rCorr    .         Harm     .   s - +2 pair of gloves
MR       .....                  (no boots)
Stlth    ..........             (no amulet)
Regen    0.0/turn               p - ring of flight
MPRegen  0.1/turn               (no ring)

@: non-regenerating
A: damage resistance, heal wounds, antennae 1, clever 1, deformed body, sense
surroundings 1, no regeneration
a: Heal Wounds, Evoke Flight


You were on level 3 of the Dungeon.
You were not hungry.

You visited 1 branch of the dungeon, and saw 3 of its levels.

You collected 87 gold pieces.

Inventory:

Hand Weapons
 a - a +0 war axe (weapon)
Missiles
 l - 16 bolts
Armour
 b - a +0 scale mail (worn)
 c - a +0 shield (worn)
 d - a +0 cloak (worn)
 s - a +2 pair of gloves (worn)
Jewellery
 p - a ring of flight (left hand)
Scrolls
 h - 4 scrolls of remove curse {unknown}
 n - 2 scrolls of magic mapping {unknown}
 o - a scroll of blinking {unknown}
 v - a scroll of enchant armour {unknown}
Potions
 e - 2 potions of heal wounds
 g - 2 potions of lignification
 j - 2 potions of brilliance
 t - a potion of resistance {unknown}
Books
 r - a book of Conjurations

   Spells                             Type                      Level
   a - Magic Dart                     Conjuration                  1
   b - Searing Ray                    Conjuration                  2
   c - Dazzling Spray                 Conjuration/Hexes            3
   d - Fulminant Prism                Conjuration/Hexes            4
   e - Force Lance                    Conjuration/Translocation    4
   f - Iskenderun's Mystic Blast      Conjuration                  4
Comestibles
 f - 2 bread rations
 i - 5 chunks of flesh
 m - 4 fruits
 q - 2 royal jellies


   Skills:
 - Level 2.6 Fighting
 * Level 5.1 Axes
 - Level 4.2 Armour
 + Level 0.9 Dodging
 - Level 3.2 Shields


You had 4 spell levels left.
You didn't know any spells.

Dungeon Overview and Level Annotations

Branches:
Dungeon (3/15)

Altars:
Elyvilon
Okawaru
Xom
Yredelemnul


Innate Abilities, Weirdness & Mutations

You are resistant to damage.
You can heal yourself by infusing magical energy.
You passively map a small area around you.
You do not regenerate.
You have a pair of small antennae on your head.
Your mind is acute. (Int +2)
Armour fits poorly on your strangely shaped body.


Message History

Butcher a leopard gecko corpse? [(y)es/(c)hoosy/(n)o/(a)ll/(e)dible/(q)uit/?]
You butcher the leopard gecko corpse.
You butcher the goblin corpse.
i - 4 chunks of flesh (gained 1);
i - 5 chunks of flesh (gained 1)
There is a stone staircase leading up here.
Things that are here:
a club; a goblin skeleton; a leopard gecko skeleton
v - a scroll labeled ZECWUM SIBI
u - 2 scrolls of identify (gained 1)
As you read the scroll of identify, it crumbles to dust.
e - 2 potions of heal wounds
As you read the scroll of identify, it crumbles to dust.
k - a potion of mutation You feel extremely strange.
Your body twists and deforms.
You feel clever. A pair of antennae grows on your head!
Wear which item? (? for menu, Esc to quit)
Okay, then.
Unknown command.
Are you sure you want to abandon this character and quit the game? (Confirm with "yes".)

, ........# #.##..#
.....?..# #....###
,#.......# ###...#.. ,
#.......######...#....
,
....>.......#..#####..
, ##<....#.....##..
##.............#.. , ,
* #................. ,
, #@..............##
,, #...............# ,
* #...............#
#...............#
##.............##
##.....#.....##
#############


There were no monsters in sight!

Vanquished Creatures
  Terence (D:2)
  Jessica (D:2)
  4 adders
  An ooze (D:2)
  3 worms
  5 dart slugs
  3 leopard geckos
  A giant cockroach (D:2)
  6 hobgoblins
  5 jackals (D:2)
  3 bats
  3 frilled lizards
  9 goblins
  7 rats
  A spectral orc (D:3)
53 creatures vanquished.

Notes
Turn   | Place    | Note
-------+----------+-------------------------------------------
     0 | D:1      | ChaseSP the Deep Dwarf Fighter began the quest for the Orb.
     0 | D:1      | Reached XP level 1. HP: 20/20 MP: 1/1
   144 | D:1      | Reached skill level 3 in Axes
   144 | D:1      | Reached XP level 2. HP: 22/27 MP: 2/2
   685 | D:2      | Noticed Terence
   694 | D:2      | Killed Terence
   694 | D:2      | Reached skill level 4 in Axes
   694 | D:2      | Reached XP level 3. HP: 28/33 MP: 3/3
   776 | D:2      | Found a white marble altar of Elyvilon.
   890 | D:2      | Reached XP level 4. HP: 32/40 MP: 4/4
  1018 | D:2      | Noticed Jessica
  1021 | D:2      | Killed Jessica
  1085 | D:2      | Reached skill level 5 in Axes
  1116 | D:2      | Reached XP level 5. HP: 36/46 MP: 4/4
  1132 | D:2      | Found a shimmering altar of Xom.
  1134 | D:2      | Found a shimmering altar of Xom.
  1136 | D:2      | Found a shimmering altar of Xom.
  1325 | D:2      | Found an iron altar of Okawaru.
  1681 | D:3      | Found a basalt altar of Yredelemnul.
  1757 | D:3      | Gained mutation: Armour fits poorly on your strangely shaped body. [potion of mutation]
  1757 | D:3      | Gained mutation: Your mind is acute. (Int +2) [potion of mutation]
  1757 | D:3      | Gained mutation: You have a pair of small antennae on your head. [potion of mutation]
  1758 | D:3      | Quit the game

Skill      XL: |  1  2  3  4 |
---------------+-------------+-----
Axes           | 3 4 5 |  5.1
Armour         | 4 |  4.2
Fighting       | |  2.6
Dodging        | |  0.9
Shields        | |  3.2

Action                   |  1- 3 |  4- 6 || total
-------------------------+-------+-------++-------
Melee: War axe           |    77 |    92 ||   169
 Abil: Heal Wounds       |       |     1 ||     1
  Use: Potion            |     1 |     1 ||     2
       Scroll            |       |     4 ||     4
  Eat: Chunk             |       |     3 ||     3
Armor: Scale mail        |    39 |    35 ||    74
Dodge: Dodged            |    16 |    26 ||    42
Block: Shield            |    36 |    41 ||    77
